[Event "Team 45 45 League T68"]
[Site "Internet Chess Club"]
[Date "2016.04.10"]
[Round "5"]
[White "jonesey"]
[Black "alexping"]
[Result "0-1"]
[WhiteElo "1979"]
[BlackElo "1948"]
[Opening "Caro-Kann: Panov-Botvinnik attack"]
[ECO "B13"]
[Time "10:14:17"]
[TimeControl "2700+45"]

1. e4 c6 2. d4 d5 3. exd5 cxd5 4. c4 Nf6 5. Nc3 Nc6 6. Nf3 e6 7. c5 Bd7 8. Bb5
Qc7 9. O-O a6 10. Bxc6 Bxc6 11. Re1 Be7 12. Ne5 Qd8 13. b4 Nd7 14. Bf4 O-O 15.
a4 Nxe5 16. Bxe5 Bf6 17. b5 Bd7 18. Qd3 Bxe5 19. Rxe5 axb5 20. Nxb5 Ra5 21. Nc3
Bc6 22. Rh5 g6 23. Rh3 Qd7 24. Qd2 Rfa8 25. Qh6 f6 26. Re1 Re8 27. Qh4 Qf7 28.
Rf3 Kg7 29. Rb1 g5 30. Rg3 Bxa4 31. f4 h6 32. Rf1 Qg6 33. fxg5 fxg5 34. Qg4 Bc2
35. Qe2 Bf5 36. Qe5+ Kg8 37. Rgf3 Raa8 38. Nb5 g4 39. Rf4 g3 40. hxg3 Ra2 41.
R4f2 Rea8 42. Rxa2 Rxa2 43. Qb8+ Kh7 44. Qxb7+ Qg7 45. Qxg7+ Kxg7 46. Rc1 Kf6
47. c6 e5 48. Nd6 Bg4 49. c7 exd4 {White forfeits on time} 0-1

[Event "Team 45 45 League T68"]
[Site "Internet Chess Club"]
[Date "2016.04.10"]
[Round "5"]
[White "bobhill"]
[Black "fledermaus"]
[Result "0-1"]
[WhiteElo "1821"]
[BlackElo "1926"]
[Opening "Queen's bishop game"]
[ECO "D02"]
[Time "16:08:31"]
[TimeControl "2700+45"]

1. d4 d5 2. Nf3 Nf6 3. Bf4 c5 4. e3 Nc6 5. c3 Qb6 6. Qb3 c4 7. Qxb6 axb6 8. Na3
Bf5 9. Nb5 Ra5 10. Na3 e5 11. dxe5 Bxa3 12. bxa3 Ne4 13. Nd4 Bg6 14. Be2 Nxc3
15. Bf3 Bd3 16. Kd2 Ne4+ 17. Bxe4 dxe4 18. Rhc1 Nxe5 19. f3 exf3 20. gxf3 O-O
21. a4 f6 22. e4 Rxa4 23. Ke3 Rfa8 24. Rg1 Rxa2 25. Rae1 Rb2 26. Nf5 g6 27. h4
Raa2 28. Nd4 Rg2 29. Rh1 Kf7 30. Ra1 Rgb2 31. Rae1 b5 32. Ra1 b4 33. Bg3 h5 34.
Rhc1 Rg2 35. Bf4 b3 36. Nxb3 Rge2+ 37. Kd4 Nc6+ 38. Kc3 Rec2+ {White resigns}
0-1

[Event "Team 45 45 League T68"]
[Site "Internet Chess Club"]
[Date "2016.04.10"]
[Round "5"]
[White "Beetlejuice"]
[Black "parrot9"]
[Result "0-1"]
[WhiteElo "1819"]
[BlackElo "1757"]
[Opening "QGD Slav: 4.e3"]
[ECO "D11"]
[Time "10:05:48"]
[TimeControl "2700+45"]

1. d4 d5 2. c4 c6 3. Nf3 Nf6 4. e3 e6 5. b3 Nbd7 6. Bd3 Ne4 7. O-O Bd6 8. Bb2 g5
9. Nbd2 f5 10. Ne5 g4 11. Nxd7 Bxd7 12. f3 Bxh2+ {White resigns} 0-1

[Event "Team 45 45 League T68"]
[Site "Internet Chess Club"]
[Date "2016.04.09"]
[Round "5"]
[White "jjmolina"]
[Black "achessman"]
[Result "0-1"]
[WhiteElo "1867"]
[BlackElo "1925"]
[Opening "Caro-Kann: classical, Spassky variation"]
[ECO "B18"]
[Time "06:44:31"]
[TimeControl "2700+45"]

1. e4 c6 2. d4 d5 3. Nc3 dxe4 4. Nxe4 Bf5 5. Ng3 Bg6 6. Nf3 Nd7 7. h4 h6 8. h5
Bh7 9. Bd3 Bxd3 10. Qxd3 e6 11. Bf4 Qa5+ 12. Bd2 Qc7 13. O-O-O Ngf6 14. Ne4
O-O-O 15. g3 Nxe4 16. Qxe4 Nf6 17. Qe2 Bd6 18. c4 c5 19. Bc3 cxd4 20. Nxd4 a6
21. Kb1 Rd7 22. Rc1 Rhd8 23. Nb3 Qc6 24. c5 Bf8 25. Bxf6 gxf6 26. Rh4 Rd3 27.
Rhc4 Qf3 28. Qc2 Rd1 29. c6 Rxc1+ 30. Nxc1 b5 31. Rf4 Qxh5 {White forfeits on
time} 0-1

[Event "Team 45 45 League T68"]
[Site "Internet Chess Club"]
[Date "2016.04.08"]
[Round "5"]
[White "cityprosecutor"]
[Black "santiagoelawad"]
[Result "0-1"]
[WhiteElo "1758"]
[BlackElo "1962"]
[Opening "Caro-Kann: closed (Breyer) variation"]
[ECO "B10"]
[Time "22:06:20"]
[TimeControl "2700+45"]

1. e4 c6 2. d3 d5 3. Nd2 g6 4. g3 Bg7 5. Bg2 Nf6 6. Ngf3 O-O 7. O-O a5 8. e5 Ng4
9. d4 c5 10. c3 Nc6 11. h3 Nh6 12. dxc5 e6 13. Nb3 Nf5 14. Re1 a4 15. Nbd4 Nfxd4
16. cxd4 b6 17. cxb6 Qxb6 18. Qc2 Nxd4 19. Nxd4 Qxd4 20. Be3 Qxe5 21. Bc5 Qxb2
22. Qxb2 Bxb2 23. Rab1 a3 24. Bxf8 Kxf8 25. Bf1 e5 26. Rbd1 Be6 27. Rd3 e4
{White resigns} 0-1

[Event "Team 45 45 League T68"]
[Site "Internet Chess Club"]
[Date "2016.04.11"]
[Round "5"]
[White "pokerram"]
[Black "Frankly"]
[Result "1-0"]
[WhiteElo "1677"]
[BlackElo "1740"]
[Opening "QGA: Alekhine defense"]
[ECO "D21"]
[Time "14:00:23"]
[TimeControl "2700+45"]

1. d4 d5 2. c4 dxc4 3. Nf3 a6 4. a4 Nf6 5. e3 Bg4 6. Bxc4 e6 7. Nc3 c5 8. O-O
Nc6 9. Be2 Be7 10. h3 Bh5 11. dxc5 Bxc5 12. Nd2 Bg6 13. Nb3 Bd6 14. f4 O-O 15.
Nd4 Qc7 16. Nxc6 Qxc6 17. Bf3 Qb6 18. a5 Qc7 19. Bd2 Rfd8 20. Qe2 Bb4 21. Rfc1
Qe7 22. Be1 Rd3 23. Na4 Bxe1 24. Qxe1 Rad8 25. Nc5 Rd2 26. Nxb7 R8d7 27. Rc8+
Ne8 28. Bc6 Rxb2 29. Bxd7 Qxd7 30. Nd6 f6 31. Rd1 Qa4 32. Nxe8 Bxe8 33. Rdd8 Qe4
34. Rxe8+ Kf7 35. Rf8+ Kg6 36. Qg3+ Kh6 37. Qh4+ Kg6 38. Qg4+ Kh6 39. Rc7 Qxe3+
40. Kh2 g5 41. Rxf6# {Black checkmated} 1-0

[Event "Team 45 45 League T68"]
[Site "Internet Chess Club"]
[Date "2016.04.10"]
[Round "5"]
[White "Constrictor"]
[Black "drsigmund1"]
[Result "0-1"]
[WhiteElo "1596"]
[BlackElo "1514"]
[Opening "Bird's opening"]
[ECO "A02"]
[Time "20:01:25"]
[TimeControl "2700+45"]

1. f4 e6 2. Nf3 d5 3. b3 Nf6 4. Bb2 Bd6 5. e3 O-O 6. Be2 c5 7. O-O Nc6 8. d3 d4
9. exd4 cxd4 10. Nxd4 Bc5 11. c3 Nxd4 12. cxd4 Bxd4+ 13. Bxd4 Qxd4+ 14. Kh1 Qxa1
15. Qc2 Qd4 16. Nd2 Bd7 17. Qd1 Rac8 18. Rf3 Bc6 19. Rg3 Qxf4 20. Nc4 Rfd8 21.
Qe1 Nd5 22. Bf3 Ne7 23. Ne5 Bxf3 24. Rxf3 Rc1 {White resigns} 0-1